 Dungeon Crawl Stone Soup version 0.31-a0-963-ga325b2283a (webtiles) character file.

Game seed: 6645382112303199040

24435 BinkBink the Unseen (level 12, -3/58 HPs)
             Began as a Spriggan Hunter on Oct 24, 2023.
             Was an Elder of Dithmenos.
             Killed from afar by a deep elf pyromancer (36 damage)
             ... with a bolt of fire
             ... on level 13 of the Dungeon.
             The game lasted 00:37:13 (16194 turns).

BinkBink the Unseen (Spriggan Hunter)              Turns: 16194, Time: 00:37:14

Health: -3/58      AC: 18    Str:  7    XL:     12   Next: 80%
Magic:  13/13      EV: 31    Int: 17    God:    Dithmenos [****..]
Gold:   2275       SH:  5    Dex: 23    Spells: 11/11 levels left

rFire   . . .        H - +3 arbalest (freeze)
rCold   + . .        (shield currently unavailable)
rNeg    . . .        J - +2 steam dragon scales
rPois   .            (helmet restricted)
rElec   +            x - +2 cloak
rCorr   .            (gloves unavailable)
SInv    +            (boots unavailable)
Will    ++...        y - amulet of reflection
Stlth   ++++++++++   R - ring of New Discoveries {Contam Fly rElec rC+ Int+6}
HPRegen 0.29/turn    O - ring of the Tortoise {AC+8}
MPRegen 0.13/turn

%: reflection
@: about to teleport, marked, flying, wreathed by umbra, very quick
A: very small, no large weapons, unfitting armour, see invisible, speed 3
a: Renounce Religion, Shadow Step


You were on level 13 of the Dungeon.
You worshipped Dithmenos.
Dithmenos was greatly pleased with you.
You visited 2 branches of the dungeon, and saw 14 of its levels.
You also visited: Sewer, Bailey and Gauntlet.

You collected 2285 gold pieces.
You spent 10 gold pieces at shops.

Inventory:

Hand Weapons
 a - a +0 shortbow
 H - a +3 arbalest of freezing (weapon)
Missiles
 E - 3 throwing nets
Armour
 c - a +0 robe
 x - a +2 cloak (worn)
 J - +2 steam dragon scales (worn)
 N - +0 shadow dragon scales
 Q - the quicksilver dragon scales of the Thoughtful Wonders {Will+ Str+3}
   (You took it off a minotaur in a Gauntlet)

   Str+3:     It affects your strength (+3).
   Will+:     It increases your willpower.
Jewellery
 i - an amulet of magic regeneration
 m - a ring of magical power
 y - an amulet of reflection (around neck)
 A - a ring of protection from fire
 C - an amulet of the acrobat
 D - a ring of fire
 K - a ring of magical power
 O - the ring of the Tortoise (right hand) {AC+8}
   (You found it on level 12 of the Dungeon)

   [ring of protection]

   AC+8:      It affects your AC (+8).
 R - the ring of New Discoveries (left hand) {Contam Fly rElec rC+ Int+6}
   (You found it in a Gauntlet)

   [ring of intelligence]

   Int+6:     It affects your intelligence (+6).
   rC+:       It protects you from cold.
   rElec:     It insulates you from electricity.
   Fly:       It grants you flight.
   Contam:    It causes magical contamination when unequipped.
 U - a +6 ring of strength
Wands
 e - a wand of polymorph (7)
 w - a wand of iceblast (14)
 M - a wand of paralysis (6)
 P - a wand of quicksilver (5)
 S - a wand of flame (11)
Scrolls
 b - a scroll of butterflies
 d - 3 scrolls of poison
 f - 2 scrolls of fog
 k - 2 scrolls of revelation
 n - 4 scrolls of vulnerability
 o - a scroll of silence
 F - 2 scrolls of teleportation
 L - a scroll of immolation
 T - a scroll of brand weapon
Potions
 g - 7 potions of heal wounds
 h - 2 potions of attraction
 j - 8 potions of enlightenment
 l - 2 potions of lignification
 p - 4 potions of degeneration
 q - 4 potions of mutation
 r - 3 potions of cancellation {unknown}
 s - 5 potions of might
 t - 4 potions of haste
 u - 2 potions of resistance {unknown}
 v - 3 potions of invisibility
 z - 7 potions of curing
 B - 2 potions of magic {unknown}
 G - a potion of berserk rage {unknown}
 I - 2 potions of brilliance {unknown}


   Skills:
 + Level 4.7 Fighting
 * Level 15.4 Ranged Weapons
 + Level 13.9 Dodging
 + Level 16.1 Stealth


You had 11 spell levels left.
You didn't know any spells.
Your spell library contained the following spells:

 Spells                   Type           Power      Damage    Failure   Level
 Magic Dart               Conj           0%         1d3       24%         1
 Necrotise                Necr           0%         1d4       24%         1
 Shock                    Conj/Air       0%         1d3       24%         1
 Call Imp                 Summ           0%         N/A       34%         2
 Cigotuvi's Dreadful Rot  Necr/Pois/Air  0%         N/A       34%         2
 Ensorcelled Hibernation  Hex/Ice        0%         N/A       34%         2
 Passwall                 Tmut/Erth      0%         N/A       34%         2
 Poisonous Vapours        Pois/Air       0%         N/A       34%         2
 Searing Ray              Conj           0%         2d4       34%         2
 Frozen Ramparts          Ice            0%         1d1       56%         3
 Gell's Gravitas          Tloc           0%         N/A       56%         3
 Ignite Poison            Fire/Tmut/Pois 0%         N/A       56%         3
 Mephitic Cloud           Conj/Pois/Air  0%         N/A       56%         3
 Swiftness                Air            0%         N/A       56%         3
 Teleport Other           Tloc           0%         N/A       56%         3
 Vampiric Draining        Necr           0%         2d6       56%         3
 Airstrike                Air            0%         2d(0-16)  93%         4
 Fulminant Prism          Conj/Hex       0%         3d5       93%         4
 Petrify                  Tmut/Erth      0%         N/A       93%         4
 Agony                    Necr           0%         N/A       100%        5
 Freezing Cloud           Conj/Ice/Air   0%         6-21      100%        5
 Metabolic Englaciation   Hex/Ice        0%         N/A       100%        5
 Dispersal                Tloc           0%         N/A       100%        6


Dungeon Overview and Level Annotations

Branches:
Dungeon (13/15)            Temple (1/1) D:7            Lair (0/5) D:11
    Orc (0/2) D:12          Sewer (visited)          Bailey (visited)
Gauntlet (visited)
 Vaults: D:13-14

Altars:
Ashenzari
Cheibriados
Dithmenos
Elyvilon
Fedhas
Gozag
Hepliaklqana
Kikubaaqudgha
Makhleb
Nemelex Xobeh
Okawaru
Qazlal
Ru
Sif Muna
Trog
Uskayaw
Vehumet
Wu Jian
Xom
Yredelemnul
Zin
The Shining One

Shops:
D:6 :   D:10 !   D:12 :*

Annotations:
D:6 3 runed translucent doors, Opifex's ghost, novice OpFi
D:8 1 runed translucent door, semem's ghost, journeyman OpSh


Innate Abilities, Weirdness & Mutations

You are very small and have problems with some larger weapons.
You are too small for most types of armour.
You have supernaturally acute eyesight. (SInv)
You cover ground extremely quickly. (Speed+++)


Message History

Dithmenos accepts your kill.
The vampire mosquito closely misses you.
The vampire mosquito barely misses you.
You shoot a bolt.
The bolt closely misses the vampire mosquito.
You block the vampire mosquito's attack.
The vampire mosquito completely misses you. x2
You shoot a bolt. The bolt hits the vampire mosquito!
The bolt freezes the vampire mosquito.
The vampire mosquito is almost destroyed.
The vampire mosquito completely misses you. x2
You shoot a bolt. The bolt hits the vampire mosquito!
The bolt freezes the vampire mosquito.
You destroy the vampire mosquito!
Dithmenos accepts your kill.
A deep elf pyromancer comes into view. It is wielding a +0 rapier.
You shoot a bolt.
The bolt barely misses the deep elf pyromancer.
A deep elf pyromancer is nearby!
You shoot a bolt. The bolt hits the deep elf pyromancer.
The bolt freezes the deep elf pyromancer.
The deep elf pyromancer is lightly wounded.
A hornet comes into view.
You shoot a bolt.
The bolt closely misses the deep elf pyromancer.
The deep elf pyromancer gestures at you while chanting.
The bolt of fire hits you!!
You emit a cloud of dark smoke.
A boulder beetle comes into view.
You shoot a bolt. The bolt misses the hornet.
A hornet comes into view.
An acid dragon comes into view.
You shoot a bolt. The bolt closely misses the hornet. x2
A hornet comes into view.
The hornet completely misses you.
Unknown command.
As you read the scroll of teleportation, it crumbles to dust.
You feel strangely unstable. The hornet closely misses you.
The deep elf pyromancer casts a spell at you.
The bolt of fire hits you!!!
Ouch! That really hurt!
You die...

..# % #.# # ## .###.#
..###. ..##.# ...#.
#.##.# ... #†##.#
#§###(##.#
...###§§y§†##.#####
.B...e§@y.y.......######
####D#######.####.......
#.# ######## #.# # #.# #
..# # ..# # ### #


You could see a deep elf pyromancer and 3 hornets.

Vanquished Creatures
  A minotaur (Gauntlet)
  2 vault guards (Bailey)
  Harold (D:10)
  A centaur warrior (D:13)
  Erica (D:9)
  A boulder beetle (D:13)
  3 two-headed ogres
  An occultist (Gauntlet)
  2 sixfirhies (Gauntlet)
  Lodul (D:10)
  An arcanist (Gauntlet)
  2 ugly things
  3 cyclopes
  A gargoyle (D:12)
  4 trolls
  Grinder (D:4)
  2 hornets
  Prince Ribbit (Bailey)
  A vampire (D:12)
  4 slime creatures
  3 wraiths
  4 humans (Bailey)
  4 wyverns
  13 yaks
  4 vampire mosquitoes (D:13)
  2 steam dragons
  2 acid dragons
  Edmund (D:4)
  Duvessa (D:6)
  A water moccasin (D:8)
  6 orc warriors
  2 black bears
  3 ice beasts
  13 ogres
  11 centaurs
  4 kobold brigands
  15 bullfrogs
  A gnoll sergeant (D:9)
  3 scorpions
  4 wights (D:9)
  Dowan (D:6)
  7 killer bees (D:8)
  2 howler monkeys
  3 hounds (D:5)
  4 jellies
  Crazy Yiuf (D:3)
  5 orc priests
  2 gnoll boudas
  Natasha (twice) (D:3)
  Terence (D:3)
  4 iguanas
  12 orc wizards
  Robin (D:4)
  11 adders
  17 gnolls
  A river rat (D:3)
  2 shadow imps
  5 white imps
  2 worms
  A dart slug (D:1)
  41 orcs
  9 bats
  9 endoplasms
  7 giant cockroaches
  26 goblins
  13 hobgoblins
  5 jackals (D:4)
  17 kobolds
  4 quokkas
  6 ball pythons
  5 frilled lizards
  4 rats
361 creatures vanquished.

Notes
Turn   | Place    | Note
-------+----------+-------------------------------------------
     0 | D:1      | BinkBink the Spriggan Hunter began the quest for the Orb.
     0 | D:1      | Reached XP level 1. HP: 10/10 MP: 2/2
   109 | D:1      | Reached skill level 2 in Stealth
   178 | D:1      | Reached XP level 2. HP: 14/14 MP: 3/3
   376 | D:1      | You fall into a shaft and drop 1 floor!
   381 | D:2      | Reached XP level 3. HP: 18/18 MP: 4/4
   619 | D:1      | Found a faded altar of an unknown god.
   641 | D:1      | Prayed at the altar of an unknown god.
   641 | D:1      | Became a worshipper of Sif Muna the Loreminder
   641 | D:1      | Reached * piety under Sif Muna
   642 | D:1      | Fell from the grace of Sif Muna
   788 | D:2      | Reached skill level 3 in Stealth
   930 | D:2      | Reached XP level 4. HP: 22/22 MP: 5/5
  1206 | D:3      | Noticed Terence
  1243 | D:3      | Reached skill level 5 in Ranged Weapons
  1267 | D:3      | Killed Terence
  1573 | D:3      | Noticed Natasha
  1578 | D:3      | Killed Natasha
  1579 | D:3      | Reached skill level 4 in Stealth
  1579 | D:3      | Reached XP level 5. HP: 25/25 MP: 6/6
  1956 | D:3      | Found a glowing drain.
  1972 | Sewer    | Entered a sewer
  2212 | Sewer    | Reached XP level 6. HP: 19/30 MP: 7/7
  2423 | D:3      | Found a runed translucent door.
  2424 | D:3      | Noticed Crazy Yiuf
  2485 | D:3      | Noticed Natasha
  2496 | D:3      | Killed Natasha
  2497 | D:3      | Reached skill level 5 in Stealth
  2745 | D:3      | Killed Crazy Yiuf
  2782 | D:3      | Identified the +4 hammer "Yschow" {speed, *Noise rC+ MP+9
                  | Str+6}
  2873 | D:4      | Reached skill level 5 in Dodging
  3047 | D:4      | Noticed Grinder
  3069 | D:4      | Paralysed by Grinder for 2 turns
  3192 | D:4      | Killed Grinder
  3193 | D:4      | Reached skill level 6 in Stealth
  3193 | D:4      | Reached XP level 7. HP: 33/33 MP: 8/8
  3574 | D:4      | Noticed Robin
  3597 | D:4      | Killed Robin
  3873 | D:4      | Noticed Edmund
  3946 | D:4      | Killed Edmund
  4596 | D:4      | Reached skill level 7 in Stealth
  4783 | D:4      | Identified a scroll of acquirement
  4783 | D:4      | Acquired 915 gold pieces
  4802 | D:5      | Entered Level 5 of the Dungeon
  5038 | D:5      | Reached XP level 8. HP: 10/37 MP: 9/9
  5654 | D:5      | Reached skill level 8 in Stealth
  6914 | D:6      | Noticed Opifex's ghost (novice OpFi)
  6914 | D:6      | Noticed a slime creature
  7164 | D:6      | Noticed Duvessa
  7240 | D:6      | Found a runed translucent gate.
  7240 | D:6      | Found a runed translucent gate.
  7240 | D:6      | Found a runed translucent gate.
  7251 | D:6      | Reached skill level 9 in Stealth
  7368 | D:6      | Noticed Dowan
  7433 | D:6      | Killed Duvessa
  7434 | D:6      | Reached XP level 9. HP: 41/41 MP: 10/10
  7448 | D:6      | Killed Dowan
  7781 | D:6      | Found Dierer's Tremendous Tomes.
  8199 | D:7      | Was forgiven by Sif Muna
  8471 | D:7      | Reached skill level 10 in Ranged Weapons
  8564 | D:7      | Found a staircase to the Ecumenical Temple.
  8573 | Temple   | Entered the Ecumenical Temple
  8582 | Temple   | Became a worshipper of Dithmenos the Shadowed
  8708 | D:7      | Reached skill level 10 in Stealth
  8837 | D:7      | Found a flagged portal.
  8861 | Bailey   | Entered a bailey
  8973 | Bailey   | Reached skill level 11 in Stealth
  9183 | Bailey   | Noticed Prince Ribbit
  9184 | Bailey   | Noticed a vault guard
  9202 | Bailey   | Killed Prince Ribbit
  9250 | Bailey   | Reached XP level 10. HP: 45/46 MP: 11/11
  9295 | Bailey   | Reached * piety under Dithmenos
  9395 | Bailey   | Killed a vault guard
  9396 | Bailey   | Reached skill level 10 in Dodging
  9457 | Bailey   | Noticed a vault guard
  9515 | Bailey   | Killed a vault guard
  9516 | Bailey   | Reached skill level 12 in Stealth
 10047 | D:8      | Noticed a two-headed ogre
 10068 | D:8      | Killed a two-headed ogre
 10433 | D:8      | Found a radiant altar of Vehumet.
 10437 | D:8      | Found a stormy altar of Qazlal.
 10711 | D:8      | Found a shadowy altar of Dithmenos.
 10837 | D:8      | Found a burning altar of Makhleb.
 10853 | D:8      | Found a runed translucent door.
 10859 | D:8      | Noticed semem's ghost (journeyman OpSh)
 10867 | D:8      | Identified the +5 spear "Hydraslayer" {drain, rElec Will++
                  | Str+2}
 10901 | D:8      | Reached skill level 13 in Stealth
 10911 | D:8      | Paralysed by a hornet for 2 turns
 10915 | D:8      | Reached XP level 11. HP: 47/49 MP: 12/12
 11180 | D:9      | Noticed a two-headed ogre
 11188 | D:9      | Found a white marble altar of Elyvilon.
 11200 | D:9      | Killed a two-headed ogre
 11255 | D:9      | Noticed a two-headed ogre
 11272 | D:9      | Killed a two-headed ogre
 11337 | D:9      | Reached ** piety under Dithmenos
 11565 | D:9      | Noticed Erica
 11570 | D:9      | Killed Erica
 11884 | D:9      | Reached skill level 14 in Stealth
 11991 | D:10     | Entered Level 10 of the Dungeon
 12088 | D:10     | Found Unirav's Distillery.
 12097 | D:10     | Bought a potion of degeneration for 10 gold pieces
 12236 | D:10     | Noticed Lodul
 12305 | D:10     | Killed Lodul
 12326 | D:10     | Reached *** piety under Dithmenos
 12404 | D:10     | Noticed Harold
 12482 | D:10     | Killed Harold
 13346 | D:11     | Noticed a white ugly thing
 13440 | D:11     | Killed a white ugly thing
 13553 | D:11     | Found a staircase to the Lair.
 13631 | D:11     | Reached XP level 12. HP: 56/56 MP: 13/13
 13805 | D:12     | Found Bisuwn's Assorted Antiques.
 13919 | D:12     | Reached skill level 15 in Stealth
 13996 | D:12     | Found a staircase to the Orcish Mines.
 14029 | D:12     | Reached **** piety under Dithmenos
 14751 | D:12     | Found a white marble altar of Elyvilon.
 14751 | D:12     | Found the ring of the Tortoise {AC+8}
 14945 | D:12     | Found Dotzer's Book Emporium.
 15107 | D:13     | Noticed a centaur warrior
 15111 | D:13     | Killed a centaur warrior
 15164 | D:13     | Found a gate leading to a gauntlet.
 15169 | Gauntlet | Entered a Gauntlet
 15169 | Gauntlet | Found a transporter.
 15169 | Gauntlet | Found a transporter.
 15170 | Gauntlet | Found a transporter.
 15173 | Gauntlet | Found a transporter.
 15173 | Gauntlet | Found a transporter.
 15183 | Gauntlet | Found a transporter.
 15248 | Gauntlet | Found a transporter.
 15258 | Gauntlet | Found a transporter.
 15273 | Gauntlet | Found a transporter.
 15283 | Gauntlet | Found a transporter.
 15298 | Gauntlet | Found a transporter.
 15304 | Gauntlet | Found a transporter.
 15550 | Gauntlet | Reached skill level 15 in Ranged Weapons
 15615 | Gauntlet | Identified the ring of New Discoveries {Contam Fly rElec
                  | rC+ Int+6}
 15701 | Gauntlet | Identified the +8 quarterstaff of the Orcish Mines {venom,
                  | SInv}
 15701 | Gauntlet | Identified the quicksilver dragon scales of the Thoughtful
                  | Wonders {Will+ Str+3}
 15701 | Gauntlet | Noticed a minotaur
 15784 | Gauntlet | Killed a minotaur
 15822 | D:13     | Noticed a boulder beetle
 15995 | D:13     | Killed a boulder beetle
 15996 | D:13     | Reached skill level 16 in Stealth
 16191 | D:13     | Noticed a boulder beetle
 16194 | D:13     | Killed from afar by a deep elf pyromancer

Illustrated notes

Levels and vault maps discovered:
D:1:      wander_arrival_peaceful_grave, layout_rooms,
          shapermc_ecumenical_altar_ellora
D:2:      layout_rooms, nicolae_kite_square_tiling_tiny,
          minmay_misc_feat_hallway, hangedman_decor_push, minmay_split_cup_small
D:3:      layout_basic, gup_sewer_entry_bubbles, kennysheep_generic_room_2,
          uniq_crazy_yiuf_cottage, uniq_terence, uniq_natasha
D:4:      layout_loops_ring, uniq_edmund, uniq_grinder, uniq_robin
D:5:      layout_loops_corners, minmay_misc_feat_tower, grunt_ministairs_11
D:6:      layout_basic, gammafunk_ghost_split, nicolae_shop_i_like_big_books,
          fountainhead, uniq_duvessa
D:7:      layout_loops_ring, minmay_temple_entry_poolview, enter_bailey_3,
          minivault_1
D:8:      layout_cave_pools, mainiacjoe_overflow_surrounded_room, minitemple,
          ebering_ghost_funeral_grove, minmay_ruined_shrine, uniq_prince_ribbit1
D:9:      layout_roguey, mainiacjoe_overflow_alcove_2, grunt_ministairs_8,
          uniq_erica
D:10:     layout_stronghold, serial_shops, shop, uniq_harold, uniq_lodul
D:11:     layout_roguey, lair_entry_dummy
D:12:     layout_rooms, kennysheep_orc_monster_closet_entryway, serial_shops,
          kennysheep_mini_moat, shop, nicolae_elyvilon_temple_path
D:13:     hellmonk_paralyzer, layout_loops_ring, biasface_ghost_orc_armoury,
          gauntlet_entry_generic, zin_treasury
Temple:   regret_index_temple_chain_breaker

Skill      XL: |  1  2  3  4  5  6  7  8  9 10 11 12 |
---------------+-------------------------------------+-----
Stealth        | 2 3 4 6 7 9 11 13 14 16 | 16.1
Dodging        | 3 4 5 6 8 9 11 12 13 | 13.9
Ranged Weapons | 5 6 7 9 11 12 14 15 | 15.4
Fighting       | 3 4 |  4.7

Action                     |  1- 3 |  4- 6 |  7- 9 | 10-12 || total
---------------------------+-------+-------+-------+-------++-------
   Fire: Shortbow          |    98 |   203 |   472 |       ||   773
         Arbalest          |       |       |    87 |   594 ||   681
 Invoke: Renounce Religion |     1 |       |       |       ||     1
    Use: Scroll            |       |       |    11 |    18 ||    29
 Armour: Robe              |    12 |    19 |    41 |     7 ||    79
         Steam dragon scal |       |       |       |    37 ||    37
  Dodge: Dodged            |    41 |    77 |   152 |   246 ||   516
  Block: Other             |       |       |    41 |    50 ||    91
         Reflection        |       |       |     1 |    14 ||    15

Table legend: (Time is in decaauts)
 A = Elapsed time spent in this place.
 B = Non-inter-level travel time spent in this place.
 C = Inter-level travel time spent in this place.
 D = Time resting spent in this place.
 E = Time spent auto-exploring this place.
 F = Levels seen in this place.
 G = Mean time per level.
                   A        B        C        D        E       F      G
               +--------+--------+--------+--------+--------+-----+--------+
         Total |  12501 |  12243 |    258 |   3085 |   5643 |  17 |  735.4 |
       Dungeon |  11053 |  10804 |    249 |   2659 |   5227 |  13 |  850.2 |
        Temple |     12 |      3 |      9 |      0 |      0 |   1 |   12.0 |
         Sewer |    288 |    288 |      0 |      0 |    145 |   1 |  288.0 |
        Bailey |    646 |    646 |      0 |    292 |     96 |   1 |  646.0 |
      Gauntlet |    500 |    500 |      0 |    133 |    175 |   1 |  500.0 |
               +--------+--------+--------+--------+--------+-----+--------+

Top non-repeatable levels by time:
     D:6: 1668 daAuts
     D:4: 1480 daAuts
     D:3: 1073 daAuts
     D:7: 943 daAuts
     D:8: 911 daAuts
    D:12: 871 daAuts
    D:10: 860 daAuts
     D:5: 793 daAuts
  Bailey: 646 daAuts
     D:9: 621 daAuts
    D:11: 601 daAuts
Gauntlet: 500 daAuts
     D:2: 456 daAuts
    D:13: 411 daAuts
     D:1: 361 daAuts
